 Dungeon Crawl Stone Soup version 0.24.0-13-gcf9b319 (webtiles) character file.

Game seed: 4972840662196550070, levelgen mode: deterministic

84 Fang the Skirmisher (level 4, -4/43 HPs)
             Began as a Gargoyle Berserker on Nov 21, 2019.
             Was a Believer of Trog.
             Slain by a centaur zombie (5 damage)
             ... on level 2 of the Dungeon.
             The game lasted 00:01:01 (1456 turns).

Fang the Skirmisher (Gargoyle Berserker)            Turns: 1456, Time: 00:01:01

Health: -4/43      AC:  5    Str: 26    XL:     4   Next: 45%
Magic:  4/4        EV: 12    Int:  8    God:    Trog [**....]
Gold:   68         SH:  0    Dex:  9    Spells: 3/3 levels left

rFire    . . .     SeeInvis .   a - +0 hand axe
rCold    . . .     Gourm    .   (no shield)
rNeg     + . .     Faith    .   b - +0 animal skin
rPois    ∞         Spirit   .   (no helmet)
rElec    +         Reflect  .   (no cloak)
rCorr    .         Harm     .   (no gloves)
MR       .....                  (no boots)
Stlth    ..........             (no amulet)
HPRegen  0.14/turn              (no ring)
MPRegen  0.09/turn              (no ring)

@: berserking, very quick
A: negative energy resistance 1, electricity resistance, unbreathing,
petrification resistance, rot immunity, AC +3
a: Berserk, Trog's Hand, Renounce Religion


You were on level 2 of the Dungeon.
You worshipped Trog.
Trog was pleased with you.
You were hungry.

You visited 1 branch of the dungeon, and saw 2 of its levels.

You collected 68 gold pieces.

Inventory:

Hand Weapons
 a - a +0 hand axe (weapon)
Armour
 b - a +0 animal skin (worn)
Jewellery
 i - an uncursed ring of poison resistance {unknown}
Scrolls
 e - a scroll of teleportation {unknown}
 j - 3 scrolls of identify {unknown}
Potions
 d - a potion of lignification {unknown}
 g - a potion of curing {unknown}
 h - 2 potions of heal wounds
Comestibles
 c - 6 rations
 f - 8 chunks of flesh


   Skills:
 + Level 4.0 Fighting
 + Level 3.2 Axes
 + Level 3.1 Armour
 + Level 2.3 Dodging


You had 3 spell levels left.
You didn't know any spells.
Your spell library was empty.

Dungeon Overview and Level Annotations

Branches:
Dungeon (2/15)

Altars:

Annotations:
D:2 Robin


Innate Abilities, Weirdness & Mutations

You are resistant to torment.
Your stone body is resilient. (AC +3)
You are immune to poison.
You resist negative energy. (rN+)
You are resistant to electric shocks. (rElec)
You can survive without breathing.
You are immune to petrification.
You are immune to rotting.


Message History

The centaur zombie hits you.
* * * LOW HITPOINT WARNING * * *
The goblin closely misses you.
You barely miss Robin. You barely miss the goblin. You hit the centaur zombie.
You hit the goblin.
You kill the goblin!
Trog accepts your kill. Robin throws the goblin at you!
The centaur zombie closely misses you. The goblin hits you but does no damage.
You slash Robin!
Robin is almost dead.
You barely miss the goblin. You completely miss the centaur zombie.
The centaur zombie hits you but does no damage.
Robin drinks a potion.
Robin is healed!
The goblin hits you with a +0 club.
* * * LOW HITPOINT WARNING * * *
You barely miss Robin. You slash the centaur zombie! You slash the goblin!
You kill the goblin!
Trog accepts your kill. The centaur zombie hits you.
You die...

#........#
###+#+#........#
#
#..............#
..
#..............#
...
#........#####.#
.... #........#
.# .....
#........# #
......#))......#
#####
..=...g@)#.>.###
#...#
......)Z..####
'.#÷#
.####.....#
#.#.# .......#
+.#.# #.#.#....#
#...# ..
#.#....# #.### #
# ....## #.##
###### #..#


You could see Robin and a centaur zombie.

Vanquished Creatures
  3 adders (D:2)
  A dart slug (D:1)
  2 leopard geckos (D:1)
  6 bats
  4 giant cockroaches
  14 goblins
  7 hobgoblins
  A ball python (D:1)
  A frilled lizard (D:1)
  4 kobolds
  7 rats
50 creatures vanquished.

Notes
Turn   | Place    | Note
-------+----------+-------------------------------------------
     0 | D:1      | Fang the Gargoyle Berserker began the quest for the Orb.
     0 | D:1      | Reached XP level 1. HP: 14/14 MP: 1/1
   201 | D:1      | Reached XP level 2. HP: 11/19 MP: 2/2
   636 | D:1      | Reached XP level 3. HP: 22/23 MP: 3/3
   645 | D:1      | Reached ** piety under Trog
  1319 | D:2      | Reached XP level 4. HP: 21/29 MP: 4/4
  1449 | D:2      | Noticed Robin
  1453 | D:2      | Reached skill level 4 in Fighting
  1453 | D:2      | HP: 2/43 [centaur zombie (4)]
  1456 | D:2      | Slain by a centaur zombie

Levels and vault maps discovered:
D:1:      lightli_arrival_farm, layout_basic, hangedman_feature_mirror,
          hangedman_abyss_or_decor_stabs
D:2:      layout_basic, makhleb_altar_promises_db,
          chequers_ecumenical_altar_lobes, lemuel_tele_altar, uniq_robin

Skill      XL: |  1  2  3  4 |
---------------+-------------+-----
Axes           | 3 |  3.2
Dodging        | 2 |  2.3
Armour         | 3 |  3.1
Fighting       | 4 |  4.0

Action                   |  1- 3 |  4- 6 || total
-------------------------+-------+-------++-------
Melee: Hand axe          |   136 |    28 ||   164
Invok: Berserk           |       |     1 ||     1
  Eat: Chunk             |     2 |       ||     2
Armor: Animal skin       |    66 |    24 ||    90
Dodge: Dodged            |    96 |    24 ||   120
